 Dungeon Crawl Stone Soup version 0.22-a0-419-g492bfec (webtiles) character file.

76 Goblin1989 the Chopper (level 4, -1/39 HPs)
             Began as a Demonspawn Chaos Knight on May 15, 2018.
             Killed from afar by an orc wizard (4 damage)
             ... with a puff of flame
             ... on level 3 of the Dungeon.
             The game lasted 00:05:43 (545 turns).

Goblin1989 the Chopper (Demonspawn Chaos Knight)     Turns: 545, Time: 00:05:44

Health: -1/39      AC:  7    Str: 12    XL:     4   Next: 12%
Magic:  0/4        EV: 11    Int: 16    God:    Xom [...*..]
Gold:   73         SH:  0    Dex: 13    Spells: 3/3 levels left

rFire    . . .     SeeInvis .   a - +0 hand axe (chaos)
rCold    . . .     Gourm    .   (no shield)
rNeg     . . .     Faith    .   b - +2 leather armour
rPois    .         Spirit   +   (no helmet)
rElec    .         Reflect  .   (no cloak)
rCorr    .         Harm     .   p - +0 pair of gloves
MR       .....                  (no boots)
Stlth    +.........             (no amulet)
HPRegen  0.13/turn              (no ring)
MPRegen  0.09/turn              (no ring)

@: flying, hasted, very quick
A: talons 1, rugged brown scales 1, clever 1, demonic guardian 1, robust 1,
magic shield
a: Renounce Religion


You were on level 3 of the Dungeon.
You worshipped Xom.
You were a favourite toy of Xom.
You were not hungry.

You visited 1 branch of the dungeon, and saw 4 of its levels.

You collected 73 gold pieces.

Inventory:

Hand Weapons
 a - a +0 hand axe of chaos (weapon)
Armour
 b - a +2 leather armour (worn)
 p - a +0 pair of gloves (worn)
Scrolls
 f - a scroll of teleportation {unknown}
 g - a scroll of fear {unknown}
 h - a scroll of blinking {unknown}
 i - a scroll of immolation {unknown}
 l - 2 scrolls of remove curse {unknown}
 m - a scroll of noise {unknown}
 n - 2 scrolls of identify {unknown}
Potions
 j - a potion of curing {@q1}
Comestibles
 e - 4 rations


   Skills:
 - Level 3.0 Fighting
 + Level 4.5 Axes
 - Level 1.7 Armour
 - Level 0.8 Dodging


You had 3 spell levels left.
You didn't know any spells.
Your spell library was empty.

Dungeon Overview and Level Annotations

Branches:
Dungeon (4/15)
 Temple: D:4-7

Altars:


Innate Abilities, Weirdness & Mutations

You are partially covered in rugged brown scales. (AC +1, +3% HP)
A weak demonic guardian rushes to your aid.
When hurt, damage is shared between your health and your magic reserves.
You have sharp toenails.
Your mind is acute. (Int +2)
You are robust. (+10% HP)


Message History

You closely miss the ball python.
The ball python bites you but does no damage.
The ball python grabs you. The ball python constricts you.
You barely miss the ball python.
The ball python bites you but does no damage.
The ball python constricts you.
You barely miss the ball python.
The ball python bites you but does no damage.
The ball python constricts you. The ball python bites you.
The ball python constricts you.
You take 2 damage, and have 23/29 hp.
You hit the ball python.
You kill the ball python! 3 gnolls come into view.
The gnoll shouts! x3
Unknown command.
The gnoll hits you but does no damage.
You hit the gnoll.
The gnoll is poisoned.
The gnoll is moderately wounded.
The gnoll misses you.
You hit the gnoll. You burn the gnoll.
You kill the gnoll!
The gnoll hits you from afar with a spear.
You take 6 damage, and have 17/29 hp.
MASSIVE DAMAGE!!
You barely miss the gnoll.
The gnoll hits you from afar with a spear.
The gnoll hits you with a flail!
* * * LOW HITPOINT WARNING * * *
You take 11 damage, and have 6/29 hp.
MASSIVE DAMAGE!!
The gnoll barely misses your quasit.
Your quasit completely misses the gnoll.
Your quasit claws the gnoll.
Your quasit barely misses the gnoll.
There is a stone staircase leading up here.
Your quasit closely misses the gnoll.
Your quasit claws the gnoll but does no damage. x2
The gnoll hits your quasit with a flail!
You climb upwards.
Your summoned ally is left behind.
The orc priest shouts!
There is a stone staircase leading down here.
The orc priest closely misses you.
You hit the orc priest.
You smell decay.
The orc priest is lightly wounded.
The orc priest begins to cast a cantrip, but forgets the words!
You hit the orc priest.
The orc priest is moderately wounded.
The orc priest hits you but does no damage.
You closely miss the orc priest.
The orc priest is moderately wounded.
The orc priest hits you but does no damage.
It was a potion of curing.
You feel better. The orc priest hits you with a whip!
* * * LOW HITPOINT WARNING * * *
You regained 2 hp, and now have 8/29 hp.
It was a potion of flight.
You feel very buoyant.
You fly up into the air.
The orc priest hits you but does no damage.
It was a potion of haste.
You feel yourself speed up.
Your ufetubus barely misses the orc priest.
Your ufetubus closely misses the orc priest.
The orc priest hits you with a whip.
* * * LOW HITPOINT WARNING * * *
Your ufetubus barely misses the orc priest.
Your ufetubus closely misses the orc priest.
You take 3 damage, and have 6/29 hp.
It was a potion of mutation.
You feel extremely strange.
You feel clever.
Your toenails lengthen and sharpen.
You feel robust. The orc priest hits you with a whip.
* * * LOW HITPOINT WARNING * * *
Your ufetubus hits the orc priest. x2
You take 4 damage, and have 2/32 hp.
Unknown command.
You hit the orc priest but do no damage.
The orc priest is poisoned.
The orc priest is severely wounded.
You barely miss the orc priest.
The orc priest is almost dead.
Your ufetubus hits the orc priest.
The orc priest dies!
You have reached level 4!
You feel agile.
Your demonic ancestry asserts itself...
You feel your magical essence form a protective shroud around your flesh.
MP restored: 4 Unknown command.
Things that are here:
a whip; an orc corpse What are your orders? t - Shout!
Orders for allies: a - Attack new target. r - Retreat! s - Stop attacking. g - Guard the area. f - Follow me.
Anything else - Cancel.
Gang up on whom?
Press: ? - help, Dir - move target cursor, f - orc wizard
Aim: an orc wizard, wielding a dagger of venom and wearing a robe Attack!
The orc wizard gestures at you while chanting.
The puff of flame hits you!
You die...

██...........
██.....>.....(
█..........o.
█.....%....█
█..........█
█.......5..█
█..........█
██........███████
█....>...@.......
█..........██████
█...)......█
█..).......█
█...<......█
██........██
██......██


████████ You could see an orc wizard and a friendly ufetubus.

Vanquished Creatures
  2 adders (D:2)
  A gnoll (D:4)
  An ooze (D:4)
  3 bats (D:1)
  A giant cockroach (D:1)
  3 goblins
  4 hobgoblins
  2 jackals (D:3)
  A ball python (D:4)
  A frilled lizard (D:1)
  A kobold (D:3)
  3 rats
23 creatures vanquished.

Vanquished Creatures (collateral kills)
  An orc priest (D:3)
  An orc (D:3)
2 creatures vanquished.

Grand Total: 25 creatures vanquished

Notes
Turn   | Place    | Note
-------+----------+-------------------------------------------
     0 | D:1      | Goblin1989 the Demonspawn Chaos Knight began the quest for the Orb.
     0 | D:1      | Reached XP level 1. HP: 18/18 MP: 1/1
    34 | D:1      | Reached skill level 3 in Axes
    80 | D:1      | Gained mutation: A weak demonic guardian rushes to your aid. [demonic ancestry]
    80 | D:1      | Reached XP level 2. HP: 23/24 MP: 2/2
   196 | D:3      | XOM: potion effect (heal wounds)
   291 | D:2      | XOM: confusion
   413 | D:2      | Gained mutation: You are partially covered in rugged brown scales. (AC +1, +3% HP) [demonic ancestry]
   413 | D:2      | Reached XP level 3. HP: 24/29 MP: 3/3
   462 | D:2      | Reached skill level 4 in Axes
   536 | D:3      | Gained mutation: Your mind is acute. (Int +2) [potion of mutation]
   536 | D:3      | Gained mutation: You have sharp toenails. [potion of mutation]
   536 | D:3      | Gained mutation: You are robust. (+10% HP) [potion of mutation]
   538 | D:3      | Gained mutation: When hurt, damage is shared between your health and your magic reserves. [demonic ancestry]
   538 | D:3      | Reached XP level 4. HP: 2/39 MP: 4/4
   545 | D:3      | Killed from afar by an orc wizard

Vault maps used:
D:1:      lordsloth_arrival_two_stooges, dk_noncrumbling_3
D:2:      minmay_wonky_spiral
D:3:      tso_oasis_becter, first_ration, uniq_terence, uniq_ijyb

Skill      XL: |  1  2  3 |
---------------+----------+-----
Axes           | 3 4 |  4.5
Fighting       | |  3.0
Armour         | |  1.7
Dodging        | |  0.8

Action                   |  1- 3 |  4- 6 || total
-------------------------+-------+-------++-------
Melee: Hand axe          |    61 |       ||    61
  Use: Potion            |     4 |       ||     4
Armor: Leather armour    |    36 |       ||    36
Dodge: Dodged            |    42 |       ||    42

Table legend:
 A = Spawn XP
 B = Non-spawn XP
 C = Spawn XP percentage of total XP
 D = Spawn monster count
 E = Non-spawn monster count
 F = Spawn count percentage of total count
 G = Total turns spent on level
                    A         B        C        D         E        F      G
               +---------+---------+-------+---------+---------+-------+---------
         Total |       0 |     109 |   0.0 |       0 |      25 |   0.0 |   545
               +---------+---------+-------+---------+---------+-------+---------
           D:1 |       0 |      17 |   0.0 |       0 |      11 |   0.0 |   150
           D:2 |       0 |      26 |   0.0 |       0 |       4 |   0.0 |   303
           D:3 |       0 |      44 |   0.0 |       0 |       7 |   0.0 |    70
           D:4 |       0 |      22 |   0.0 |       0 |       3 |   0.0 |    22
               +---------+---------+-------+---------+---------+-------+---------

Vault maps used:
D:1:      lordsloth_arrival_two_stooges, dk_noncrumbling_3
D:2:      minmay_wonky_spiral
D:3:      tso_oasis_becter, first_ration, uniq_terence, uniq_ijyb
